Map: Eternal Empire LE

Players

LiquidTLO (TLO) - Winner!

  • Race: Zerg Zerg
  • League: Master
  • Spawn Location: 7:00

Creature

  • Race: Protoss Protoss
  • Spawn Location: 1:00

Event: DreamHack SC2 Masters 2020 Summer North America

VOD

Have the link to the VOD?

Description

Time

  • Played on: June 30, 2020, 4:23 p.m.
  • Length: 11:17

All games in this series

Show
View Real Time Build Order
Export as new Build Order

LiquidTLO Zerg - Winner!

Build Orders: Hatch First, Lurkers 

Get SALT Encoding   

  12  0:01  Drone  
  13  0:12  Overlord  
  13  0:16  Drone  
  14  0:30  Drone x2  
  16  0:47  Hatchery  
  15  0:51  Drone  
  15  0:54  Drone  
  17  0:57  Drone  
  18  1:05  Extractor  
  17  1:13  Spawning Pool  
  17  1:16  Drone  
  17  1:19  Drone  
  18  1:28  Drone  
  19  1:38  Drone  
  20  1:49  Drone  
  21  2:00  Zergling x2, Queen x2  
  26  2:05  Metabolic Boost  
  26  2:07  Overlord  
  26  2:12  Drone  
  26  2:14  Drone  
  28  2:30  Hatchery  
  28  2:32  Drone  
  28  2:36  Drone  
  29  2:39  Drone  
  29  2:41  Drone  
  31  2:45  Zergling x2  
  31  2:48  Overlord  
  32  2:55  Queen  
  34  2:58  Overlord  
  34  3:01  Drone  
  34  3:04  Drone  
  35  3:06  Zergling x2  
  35  3:07  Zergling x2  
  35  3:12  Drone  
  38  3:15  Drone  
  38  3:16  Drone  
  38  3:17  Evolution Chamber  
  38  3:19  Drone  
  40  3:25  Queen  
  42  3:28  Drone  
  43  3:35  Drone  
  43  3:36  Drone  
  43  3:38  Drone  
  46  3:42  Overlord  
  46  3:44  Queen  
  48  3:49  Overlord  
  48  3:50  Drone  
  49  3:57  Zerg Melee Weapons Level 1  
  49  3:59  Drone  
  49  4:00  Drone  
  49  4:01  Drone  
  52  4:06  Spore Crawler  
  52  4:07  Drone, Spore Crawler  
  51  4:10  Drone  
  51  4:12  Drone x2  
  51  4:13  Drone  
  51  4:16  Spore Crawler  
  51  4:17  Drone  
  55  4:19  Drone  
  55  4:20  Extractor  
  55  4:21  Zergling x2  
  56  4:27  Drone  
  56  4:28  Extractor, Baneling Nest  
  55  4:33  Drone  
  55  4:35  Drone x4  
  60  4:40  Drone  
  60  4:42  Drone  
  62  4:45  Overlord  
  62  4:48  Zergling x4  
  63  4:54  Drone  
  63  4:56  Drone  
  63  4:58  Drone x2  
  63  4:59  Drone  
  68  5:00  Zergling x2  
  68  5:01  Zergling x2  
  68  5:05  Zergling x2  
  70  5:09  Overlord  
  70  5:12  Zergling x2  
  70  5:13  Zergling x2  
  72  5:16  Zergling x4  
  72  5:17  Drone  
  72  5:18  Zergling x2  
  72  5:20  Hatchery, Zergling x2  
  76  5:22  Zergling x2  
  76  5:24  Zergling x4  
  76  5:28  Lair  
  79  5:29  Zergling x2  
  79  5:30  Zergling x2  
  79  5:32  Zergling x2  
  79  5:33  Zergling x2  
  83  5:35  Zergling x2  
  83  5:36  Overlord  
  83  5:41  Zergling x2  
  84  5:43  Spore Crawler  
  84  5:44  Zergling x2  
  84  5:47  Baneling x7, Zergling x2  
  84  5:48  Zergling x2  
  84  5:49  Baneling  
  86  5:50  Drone  
  86  5:51  Drone  
  86  5:52  Drone  
  86  5:55  Overlord  
  89  5:57  Drone  
  89  6:00  Spore Crawler  
  89  6:02  Spore Crawler  
  89  6:03  Drone x2  
  90  6:07  Drone x3  
  93  6:17  Drone  
  90  6:19  Drone  
  90  6:20  Drone  
  90  6:21  Drone  
  90  6:25  Drone, Extractor  
  88  6:26  Drone, Extractor  
  88  6:27  Drone x2  
  88  6:28  Zergling x6  
  89  6:33  Zergling x2  
  89  6:34  Zergling x2  
  89  6:37  Zergling x2  
  89  6:38  Zergling x4  
  89  6:39  Spire  
  90  6:42  Extractor, Zergling x2  
  90  6:43  Zergling x4  
  90  6:44  Zergling x2  
  90  6:45  Zerg Melee Weapons Level 2  
  90  6:47  Queen, Zergling x2  
  90  6:48  Drone x2  
  90  6:50  Drone  
  90  6:51  Drone  
  90  6:52  Unknown  
  92  6:54  Drone  
  92  6:57  Drone  
  93  7:01  Drone  
  93  7:02  Drone  
  93  7:04  Spore Crawler  
  93  7:06  Spore Crawler x2  
  91  7:08  Overlord  
  91  7:10  Drone, Queen  
  91  7:11  Drone x2  
  91  7:12  Drone  
  91  7:13  Drone  
  98  7:16  Drone x2  
  98  7:20  Drone  
  98  7:22  Drone  
  100  7:23  Drone x2  
  100  7:28  Zergling x2  
  100  7:29  Zergling x2  
  104  7:31  Drone  
  104  7:35  Zergling x2  
  105  7:37  Zergling x2  
  105  7:38  Zergling x2  
  105  7:42  Overlord  
  105  7:43  Drone x2  
  104  7:51  Zerg Flyer Armor Level 1  
  104  7:57  Overlord x2  
  104  7:58  Overlord  
  104  8:08  Corruptor x7  
  104  8:09  Corruptor  
  120  8:19  Hydralisk Den  
  119  8:25  Zergling x2  
  119  8:26  Zergling x20  
  130  8:30  Zergling x2  
  130  8:31  Corruptor x2  
  130  8:33  Overlord  
  134  8:35  Overlord  
  134  8:38  Overlord  
  134  8:39  Overlord  
  134  8:40  Zergling x4  
  135  8:42  Zergling x2  
  135  8:45  Overlord  
  135  8:46  Overlord  
  136  8:48  Grooved Spines  
  136  8:52  Hydralisk  
  136  8:53  Lurker Den  
  137  9:01  Hydralisk x5  
  145  9:04  Hydralisk, Overlord  
  145  9:06  Baneling x3  
  145  9:09  Baneling  
  147  9:10  Baneling x5  
  147  9:11  Hydralisk  
  149  9:17  Zergling x2  
  149  9:18  Baneling x5  
  149  9:20  Hydralisk, Zergling x2  
  151  9:26  Hydralisk x4  
  151  9:29  Overlord  
  159  9:41  Overseer  
  159  9:43  Baneling  
  159  9:44  Evolution Chamber  
  158  9:47  Hatchery, Hydralisk  
  158  9:49  Hydralisk x2, Zergling x2  
  164  9:54  Hydralisk  
  164  9:56  Zergling x2, Corruptor  
  164  9:58  Zergling x2  
  170  10:00  Zergling x4, Muscular Augments  
  170  10:01  Zergling x4  
  170  10:02  Zergling x4  
  170  10:07  Zergling x4  
  178  10:09  Zergling x2  
  178  10:14  Zergling x2  
  178  10:15  Zergling x2  
  178  10:16  Zergling x2  
  180  10:21  Overlord  
  180  10:26  Lurker x4  
  184  10:29  Hydralisk x8  
  200  10:36  Overlord  
  196  10:47  Overlord  
  185  10:58  Zergling x2  
  185  10:59  Zergling x2  
  185  11:00  Drone, Zergling x4  
Show
View Real Time Build Order
Export as new Build Order

Creature Protoss 

Build Orders: 1 Gate Expand, Oracle Opening, Phoenix Opening, Mass Phoenix 

Get SALT Encoding   

  12  0:00  Probe  
  13  0:13  Probe  
  14  0:18  Pylon  
  14  0:25  Probe  
  15  0:34  Probe  
  15  0:39  Gateway  
  15  0:42  Probe  
  16  0:48  Assimilator  
  17  0:51  Probe  
  18  1:03  Probe  
  19  1:15  Probe  
  20  1:26  Nexus  
  20  1:37  Cybernetics Core  
  20  1:39  Probe  
  21  1:48  Assimilator  
  21  1:51  Probe  
  22  1:55  Pylon  
  22  2:03  Adept, Probe  
  25  2:17  Stargate  
  25  2:19  Probe  
  26  2:27  Warp Gate  
  26  2:30  Probe  
  26  2:33  Adept  
  26  2:35  Probe  
  29  2:39  Probe  
  29  2:43  Probe  
  31  2:48  Probe  
  32  2:52  Probe  
  34  2:59  Probe  
  34  3:01  Phoenix  
  35  3:05  Probe  
  35  3:11  Probe  
  38  3:13  Assimilator  
  38  3:17  Assimilator, Probe  
  38  3:18  Pylon  
  39  3:23  Probe  
  39  3:27  Gateway  
  40  3:31  Probe  
  41  3:36  Oracle  
  41  3:39  Probe  
  45  3:43  Probe  
  46  3:51  Probe x2  
  46  3:52  Stargate  
  48  3:58  Pylon  
  48  3:59  Probe  
  48  4:03  Probe  
  48  4:09  Probe, Pylon  
  50  4:15  Probe  
  52  4:18  Phoenix  
  52  4:22  Probe  
  52  4:23  Adept  
  57  4:27  Probe  
  58  4:34  Probe  
  58  4:37  Phoenix  
  61  4:39  Probe  
  62  4:46  Probe  
  62  4:47  Nexus  
  63  4:53  Phoenix  
  63  4:57  Probe  
  66  5:00  Probe  
  66  5:01  Phoenix  
  66  5:03  Pylon x2  
  69  5:17  Protoss Air Weapons Level 1, Probe  
  69  5:20  Phoenix  
  69  5:21  Probe  
  73  5:22  Phoenix  
  75  5:29  Probe  
  75  5:34  Assimilator  
  76  5:39  Assimilator  
  76  5:42  Shield Battery  
  76  5:45  Phoenix  
  76  5:47  Phoenix  
  80  5:52  Probe  
  80  5:55  Fleet Beacon  
  80  5:56  Probe  
  82  6:00  Probe  
  83  6:05  Probe  
  83  6:08  Probe x2  
  83  6:10  Phoenix  
  87  6:15  Adept x2  
  87  6:17  Probe  
  87  6:18  Probe  
  84  6:21  Probe  
  84  6:23  Pylon  
  75  6:27  Pylon  
  75  6:29  Probe  
  75  6:30  Probe  
  75  6:31  Adept  
  75  6:36  Pylon  
  75  6:37  Oracle x2  
  67  6:49  Adept  
  67  6:50  Probe x2  
  67  6:51  Probe  
  67  7:01  Probe  
  67  7:02  Probe x2, Zealot  
  72  7:10  Pylon  
  72  7:11  Probe  
  72  7:14  Probe  
  72  7:15  Probe  
  75  7:17  Adept  
  74  7:23  Probe  
  75  7:30  Adept  
  75  7:33  Probe  
  75  7:35  Probe  
  75  7:36  Probe  
  80  7:42  Probe  
  80  7:43  Probe  
  80  7:46  Probe  
  80  7:50  Probe  
  80  7:51  Probe, Zealot x2  
  87  7:54  Probe  
  90  7:58  Forge  
  90  8:00  Probe  
  90  8:01  Probe  
  90  8:03  Probe  
  92  8:06  Twilight Council  
  92  8:12  Probe  
  94  8:13  Stalker, Probe  
  94  8:19  Probe  
  98  8:24  Probe  
  98  8:25  Probe  
  100  8:29  Adept  
  100  8:31  Probe  
  109  8:44  Pylon  
  109  8:47  Pylon  
  107  8:49  Templar Archives  
  107  8:52  Void Ray  
  107  8:55  Unknown  
  107  8:56  Void Ray  
  107  9:02  Probe  
  106  9:04  Pylon  
  106  9:05  Pylon  
  106  9:09  Stargate  
  108  9:11  Probe  
  108  9:15  Gateway  
  108  9:16  Probe  
  110  9:23  Stalker x2, Probe  
  113  9:25  Probe  
  113  9:26  Void Ray  
  118  9:40  Gateway, Probe  
  118  9:41  Probe  
  118  9:43  Probe  
  121  9:48  Photon Cannon  
  121  9:53  Void Ray  
  121  10:00  Probe  
  121  10:03  Void Ray  
  130  10:09  Probe  
  130  10:12  Probe  
  132  10:14  Probe  
  132  10:19  Pylon  
  133  10:22  Pylon  
  133  10:23  Pylon  
  133  10:24  Pylon  
  135  10:43  High Templar x2  
  135  10:47  Archon  
  138  10:50  High Templar x2  
  121  10:58  Archon  
Tags
 
Add a new tag
Caveats
  • Supply blocks, unpowered buildings, or Contaminate may cause inaccurate times.
  • Supply counts are checked every 10 seconds.